AoeStats
← Efthiron

Arabia

503395485Analyzed
1v1 RM · 1mo ago on Aug 31, 2026· 37m 29s· 2 players
Game mode
Random Map
Map size
Tiny (2 player)
Population
200
Speed
Normal
Resources
Standard
Victory
Conquest
Starting age
Dark Age
Ending age
Imperial Age
RankedLock teamsTeams togetherTeam positionsShared explorationLock speedFull tech treeHidden civsTurbo modeCheats
Victory
Defeat
🇵🇪 Khmer · Peru
1281
+16
🇲🇽 Mongols · Mexico
1279
-16
Efthiron
7:18 Loom
9:03 Feudal Age
11:11 Double-Bit Axe
11:18 Horse Collar
15:50 Wheelbarrow
22:16 Castle Age
20:55 Scale Barding Armor
21:01 Forging
20:50 Fletching
23:50 Town Watch
24:48 Bloodlines
25:37 Bow Saw
26:39 Chain Barding Armor
37:06 Hand Cart
lcompalle
11:05 Feudal Age
14:06 Castle Age
12:55 Double-Bit Axe
18:25 Loom
21:06 Horse Collar
24:58 Bloodlines
24:49 Husbandry
25:49 Forging
27:25 Wheelbarrow
26:35 Town Watch
27:29 Scale Barding Armor
28:58 Chain Barding Armor
29:43 Iron Casting
38:13 Imperial Age
37:13 Hand Cart
37:47 Gold Mining
Connection lost

Rejoining the realm…

Still unreachable

The connection could not be restored.

Session expired

The server has moved on; the page needs a fresh start.